 Dungeon Crawl Stone Soup version 0.21.1-1-g345015f (webtiles) character file.

10209 infcreate the Cleaver (level 11, -4/97 HPs)
             Began as a Minotaur Fighter on June 14, 2018.
             Was a Priest of Trog.
             Slain by a 15-headed hydra (10 damage)
             ... on level 2 of the Lair of Beasts.
             The game lasted 00:48:42 (10976 turns).

infcreate the Cleaver (Minotaur Fighter)           Turns: 10976, Time: 00:48:43

Health: -4/97      AC: 18    Str: 37    XL:     11   Next: 33%
Magic:  10/10      EV:  7    Int:  8    God:    Trog [***...]
Gold:   366        SH: 13    Dex:  9    Spells: 10/10 levels left

rFire    . . .     SeeInvis .   a - +0 war axe
rCold    + . .     Gourm    .   c - +0 shield
rNeg     . . .     Faith    .   A - +0 plate armour
rPois    .         Spirit   .   E - +1 hat
rElec    .         Reflect  .   s - +0 cloak
rCorr    +         Harm     .   w - +0 pair of gloves of Crawling {rCorr}
MR       .....                  (no boots)
Stlth    ..........             (no amulet)
HPRegen  0.26/turn              x - ring "Erchuuba" {rC+ Str+5 Int+3 Slay-3}
MPRegen  0.12/turn              F - +2 ring of strength

@: mighty, berserk cooldown, slowed, very slow
A: retaliatory headbutt, horns 2
a: Berserk, Trog's Hand, Burn Spellbooks, Renounce Religion


You were on level 2 of the Lair of Beasts.
You worshipped Trog.
Trog was most pleased with you.
You were not hungry.

You visited 3 branches of the dungeon, and saw 13 of its levels.
You also visited: Ossuary.

You collected 575 gold pieces.
You spent 209 gold pieces at shops.

Inventory:

Hand Weapons
 a - a +0 war axe (weapon)
Armour
 c - a +0 shield (worn)
 s - a +0 cloak (worn)
 w - the +0 pair of gloves of Crawling (worn) {rCorr}
   (You bought it in a shop on level 6 of the Dungeon)

   It protects you from acid and corrosion.
 A - a +0 plate armour (worn)
 E - a +1 hat (worn)
Jewellery
 x - the ring "Erchuuba" (left hand) {rC+ Str+5 Int+3 Slay-3}
   (You took it off a crimson imp on level 6 of the Dungeon)

   [ring of strength]

   It affects your strength (+5).
   It affects your intelligence (+3).
   It affects your accuracy and damage with ranged weapons and melee attacks
   (-3).
   It protects you from cold.
 B - an uncursed ring of protection from fire
 D - an uncursed ring of positive energy
 F - a +2 ring of strength (right hand)
Wands
 b - a wand of digging (31)
Scrolls
 g - 2 scrolls of teleportation
 h - a scroll of random uselessness {unknown}
 i - 4 scrolls of remove curse
 j - 3 scrolls of magic mapping
 l - 2 scrolls of identify
 m - 3 scrolls of immolation
 r - a scroll of noise {unknown}
 y - a scroll of blinking {unknown}
 C - a scroll of enchant weapon {unknown}
 G - a scroll of holy word {unknown}
Potions
 d - 2 potions of might
 e - a potion of flight {unknown}
 k - 2 potions of heal wounds
 n - a potion of mutation {unknown}
 o - a potion of magic {unknown}
 p - a potion of haste {unknown}
 q - 2 potions of brilliance
 t - 8 potions of curing
 u - 3 potions of ambrosia
 v - 3 potions of invisibility
 z - a potion of agility {unknown}
Comestibles
 f - 20 rations
 H - a chunk of flesh


   Skills:
 + Level 9.6 Fighting
 + Level 13.3 Axes
 + Level 10.4 Armour
 + Level 10.6 Shields


You had 10 spell levels left.
You didn't know any spells.

Dungeon Overview and Level Annotations

Branches:
Dungeon (10/15)            Temple (1/1) D:5            Lair (2/6) D:8
  Swamp (0/4) Lair:2          Orc (0/2) D:9
  Snake: Lair:2-4    Spider: Lair:2-4

Altars:
Ashenzari
Cheibriados
Dithmenos
Elyvilon
Fedhas
Gozag
Hepliaklqana
Kikubaaqudgha
Makhleb
Nemelex Xobeh
Okawaru
Qazlal
Ru
Sif Muna
Trog
Uskayaw
Vehumet
Wu Jian
Xom
Yredelemnul
Zin
The Shining One

Shops:
D:6 [


Innate Abilities, Weirdness & Mutations

You reflexively headbutt those who attack you in melee.
You have a pair of horns on your head.


Message History

You block the 15-headed hydra's attack.
The 15-headed hydra bites you but does no damage. x3
You block the 15-headed hydra's attack.
The 15-headed hydra bites you but does no damage. x4
You block the 15-headed hydra's attack. The 15-headed hydra barely misses you.
You block the 15-headed hydra's attack.
The 15-headed hydra bites you but does no damage. x2
The 15-headed hydra bites you!
* * * LOW HITPOINT WARNING * * *
The 15-headed hydra bites you but does no damage. x2
The 15-headed hydra bites you.
* * * LOW HITPOINT WARNING * * *
The 15-headed hydra bites you but does no damage. x2
A bullfrog comes into view.
You feel very mighty all of a sudden.
The bullfrog croaks.
The bullfrog moves out of view.
You block the 15-headed hydra's attack. x3
The 15-headed hydra bites you but does no damage.
The 15-headed hydra bites you!
You die...

.......................P#
.............P##'#P...###
.............###.####.#.#
.###.#.......##.'####..#
.. .###......###..##...#
... +......###...##.##
#... #.?....P#...##..#
.... .##'.###.#
.....#.#@## #.#
.......#D##.#.#
.......FFY....#
......F.......#
...............#
....Y.........##
...YH....>....#
....P##..#.#..# .Y..#
#...##...#


You could see a 15-headed hydra, a hippogriff, 3 yaks and 3 bullfrogs.

Vanquished Creatures
  Fannar (Lair:1)
  A two-headed ogre (D:8)
  A shining eye (shapeshifter) (D:9)
  Joseph (D:7)
  3 komodo dragons (Lair:1)
  A merfolk (D:9)
  3 blink frogs (Lair:1)
  2 hippogriffs
  10 yaks
  A basilisk (Lair:2)
  4 water moccasins
  2 porcupines (Lair:1)
  2 orc warriors
  2 hell hounds (D:8)
  2 sky beasts
  A hornet zombie (D:8)
  2 ice beasts
  5 ogres
  An eye of draining (D:6)
  2 phantoms
  The ghost of Ethylacetat the Skirmisher, an amateur DsFi (D:3)
  A necrophage (D:7)
  2 crocodiles
  An elf zombie (Ossuary)
  A big kobold (D:9)
  5 bullfrogs
  A gnoll sergeant (D:8)
  2 scorpions
  5 wights (D:9)
  An electric eel (D:7)
  A centaur zombie (Ossuary)
  7 crimson imps
  2 bullfrog skeletons
  A jelly (D:5)
  3 orc priests
  5 hounds
  3 human zombies (Ossuary)
  5 orc wizards
  5 iguanas
  8 worker ants
  A big kobold zombie (Ossuary)
  2 mummies (Ossuary)
  9 gnolls
  5 adders
  7 worms
  6 leopard geckos
  18 orcs
  11 bats
  4 giant cockroaches
  9 goblins
  13 hobgoblins
  14 kobolds
  3 quokkas
  8 frilled lizards
  2 gnoll zombies (D:2)
  A goblin zombie (Ossuary)
  9 hobgoblin zombies (Ossuary)
  2 jackal zombies (Ossuary)
  10 kobold zombies (Ossuary)
  6 orc zombies (Ossuary)
  10 rats
  3 rat zombies (Ossuary)
  2 fungi
  3 plants
265 creatures vanquished.

Vanquished Creatures (others)
  2 fungi (Lair:1)
  2 plants
4 creatures vanquished.

Grand Total: 269 creatures vanquished

Notes
Turn   | Place    | Note
-------+----------+-------------------------------------------
     0 | D:1      | infcreate the Minotaur Fighter began the quest for the Orb.
     0 | D:1      | Reached XP level 1. HP: 19/19 MP: 0/0
    22 | D:1      | Reached XP level 2. HP: 22/27 MP: 1/1
   593 | D:2      | Reached skill level 3 in Axes
   600 | D:2      | Reached XP level 3. HP: 30/33 MP: 2/2
   959 | D:2      | Reached XP level 4. HP: 34/40 MP: 3/3
  1184 | D:2      | Found a basalt altar of Yredelemnul.
  1349 | D:3      | Noticed Ethylacetat's ghost (amateur DsFi)
  1357 | D:2      | Reached skill level 4 in Axes
  1615 | D:3      | Killed Ethylacetat's ghost
  1615 | D:3      | Reached XP level 5. HP: 43/47 MP: 4/4
  1618 | D:3      | Reached skill level 5 in Axes
  1756 | D:3      | Reached skill level 5 in Shields
  1966 | D:3      | Reached XP level 6. HP: 53/53 MP: 5/5
  2164 | D:4      | Found an ornate altar of the Wu Jian Council.
  2407 | D:4      | Reached skill level 5 in Armour
  2517 | D:4      | Reached skill level 5 in Fighting
  2517 | D:4      | Reached skill level 6 in Axes
  2697 | D:4      | Reached XP level 7. HP: 54/61 MP: 6/6
  2844 | D:4      | Found a sacrificial altar of Ru.
  3127 | D:5      | Entered Level 5 of the Dungeon
  3127 | D:5      | Found a staircase to the Ecumenical Temple.
  3136 | Temple   | Entered the Ecumenical Temple
  3224 | D:5      | Found an iron altar of Okawaru.
  3266 | D:5      | Found a bloodstained altar of Trog.
  3272 | D:5      | Became a worshipper of Trog the Wrathful
  3366 | D:5      | Found a sand-covered staircase.
  3373 | Ossuary  | Entered an ossuary
  3496 | Ossuary  | Reached skill level 7 in Axes
  3514 | Ossuary  | Reached * piety under Trog
  4138 | D:6      | Reached skill level 8 in Axes
  4138 | D:6      | Reached XP level 8. HP: 60/70 MP: 7/7
  4362 | D:6      | Reached ** piety under Trog
  4362 | D:6      | Reached skill level 9 in Axes
  4443 | D:6      | HP: 3/70 [something/puff of frost (11)]
  4651 | D:6      | Got a slimy brass ring
  4652 | D:6      | Identified the ring "Erchuuba" {rC+ Str+5 Int+3 Slay-3} (You took it off a crimson imp on level 6 of the Dungeon)
  4679 | D:6      | Found Gonef's Antique Armour Shoppe.
  4692 | D:6      | Bought a pair of slimy gloves for 209 gold pieces
  4702 | D:6      | Identified the +0 pair of gloves of Crawling {rCorr} (You bought it in a shop on level 6 of the Dungeon)
  5216 | D:7      | Found an opulent altar of Gozag.
  5216 | D:7      | Noticed Joseph
  5269 | D:7      | Killed Joseph
  5269 | D:7      | Reached skill level 10 in Axes
  5269 | D:7      | Reached XP level 9. HP: 28/78 MP: 8/8
  5293 | D:7      | HP: 3/78 [hippogriff (6)]
  6856 | D:8      | Reached skill level 11 in Axes
  6857 | D:8      | Found a staircase to the Lair.
  6924 | D:8      | Found an opulent altar of Gozag.
  6924 | D:8      | Found a hazy altar of Hepliaklqana.
  7243 | D:8      | Noticed a two-headed ogre
  7253 | D:8      | Killed a two-headed ogre
  7253 | D:8      | Reached XP level 10. HP: 76/88 MP: 9/9
  8035 | D:9      | Found a staircase to the Orcish Mines.
  8108 | D:9      | Reached skill level 12 in Axes
  8219 | D:9      | Reached *** piety under Trog
  8303 | D:9      | Noticed a salamander
  8308 | D:9      | Noticed a manticore
  8308 | D:9      | a salamander changed into a manticore
  8311 | D:9      | Noticed a shining eye
  8311 | D:9      | a manticore changed into a shining eye
  8315 | D:9      | Killed a shining eye
  8836 | D:10     | Entered Level 10 of the Dungeon
  9247 | Lair:1   | Entered Level 1 of the Lair of Beasts
  9643 | Lair:1   | Reached skill level 10 in Shields
  9857 | Lair:1   | Reached skill level 10 in Armour
  9991 | Lair:1   | Reached XP level 11. HP: 77/97 MP: 10/10
 10241 | Lair:1   | Noticed Fannar
 10273 | Lair:1   | Killed Fannar
 10273 | Lair:1   | Reached skill level 13 in Axes
 10742 | Lair:2   | Found a staircase to the Swamp.
 10954 | Lair:2   | Noticed a five-headed hydra
 10976 | Lair:2   | Slain by a 15-headed hydra

Skill      XL: |  1  2  3  4  5  6  7  8  9 10 11 |
---------------+----------------------------------+-----
Fighting       | 4 5 6 7 9 |  9.6
Armour         | 4 5 6 8 10 | 10.4
Shields        | 4 5 6 7 8 10 | 10.6
Axes           | 3 4 5 6 8 10 11 12 13 | 13.3

Action                   |  1- 3 |  4- 6 |  7- 9 | 10-12 || total
-------------------------+-------+-------+-------+-------++-------
Melee: War axe           |    97 |   133 |   364 |   385 ||   979
       Headbutt          |    10 |    21 |    84 |    74 ||   189
       Unarmed           |       |       |     8 |       ||     8
Invok: Berserk           |       |       |     2 |     3 ||     5
  Use: Potion            |       |     1 |     5 |     2 ||     8
       Scroll            |       |     2 |     7 |     3 ||    12
  Eat: Chunk             |       |     6 |    13 |     9 ||    28
       Ration            |       |       |     2 |     1 ||     3
Armor: Scale mail        |    42 |    50 |    62 |       ||   154
       Chain mail        |       |       |    31 |       ||    31
       Skin              |       |       |     1 |       ||     1
       Plate armour      |       |       |    32 |   218 ||   250
Dodge: Dodged            |    37 |    40 |    68 |    61 ||   206
Block: Shield            |    51 |   100 |   150 |   234 ||   535
